 Dungeon Crawl Stone Soup version 0.23.2-33-g5129a83 (webtiles) character file.

Game seed: 687604155281561462

70 technought the Poker (level 4, -4/34 HPs)
             Began as a Merfolk Gladiator on Aug 6, 2019.
             Was an Initiate of Cheibriados.
             Slain by an ogre
             ... wielding a +0 giant club
              (6 damage)
             ... on level 3 of the Dungeon.
             The game lasted 00:05:22 (2049 turns).

technought the Poker (Merfolk Gladiator)            Turns: 2049, Time: 00:05:22

Health: -4/34      AC:  4    Str: 14    XL:     4   Next: 22%
Magic:  4/4        EV: 15    Int:  8    God:    Cheibriados [......]
Gold:   126        SH:  0    Dex: 16    Spells: 3/3 levels left

rFire    . . .     SeeInvis .   a - +1 trident
rCold    . . .     Gourm    .   (no shield)
rNeg     . . .     Faith    .   b - +0 leather armour
rPois    .         Spirit   .   c - +0 helmet
rElec    .         Reflect  .   (no cloak)
rCorr    .         Harm     .   (no gloves)
MR       .....                  (no boots)
Stlth    +.........             (no amulet)
HPRegen  0.11/turn              k - -2 ring of strength (curse)
MPRegen  0.09/turn              (no ring)

@: lethally poisoned (-4 -> -9), very slow
A: change form in water, swift swim, stealthy swim
a: Bend Time, Renounce Religion


You were on level 3 of the Dungeon.
You worshipped Cheibriados.
Cheibriados was noncommittal.
You were near starving.

You visited 1 branch of the dungeon, and saw 3 of its levels.

You collected 126 gold pieces.

Inventory:

Hand Weapons
 a - a +1 trident (weapon)
Missiles
 d - 3 throwing nets (quivered)
Armour
 b - a +0 leather armour (worn)
 c - a +0 helmet (worn)
Jewellery
 k - a cursed -2 ring of strength (left hand)
 l - a +3 amulet of reflection {unknown}
Potions
 g - a potion of flight
 i - a potion of heal wounds {unknown}
Comestibles
 f - 3 rations


   Skills:
 + Level 2.4 Fighting
 + Level 5.6 Polearms
 + Level 2.1 Throwing
 + Level 0.6 Armour
 + Level 5.1 Dodging
 + Level 0.3 Stealth


You had 3 spell levels left.
You didn't know any spells.
Your spell library was empty.

Dungeon Overview and Level Annotations

Branches:
Dungeon (3/15)

Altars:
Cheibriados
Fedhas
Kikubaaqudgha
Wu Jian
Zin


Message History

You hit the ogre but do no damage.
You feel sick. The ogre misses you.
You barely miss the ogre.
You feel sick. The ogre barely misses you.
You barely miss the ogre. The ogre barely misses you.
The orc wizard casts a spell.
The orc wizard blinks!
You hit the ogre.
The ogre is lightly wounded.
You feel sick. The ogre completely misses you.
You puncture the ogre!
The ogre is moderately wounded.
You hit the ogre.
The ogre is heavily wounded.
You feel sick.
The ogre hits you with a +0 giant club!!
Ouch! That really hurt!
* * * LOW HITPOINT WARNING * * *
You hit the ogre.
The ogre is severely wounded.
The ogre hits you with a +0 giant club.
You die...

#........ #
#..#..... .
##..# ...
#.#.[.# .
#.#..##
#..o# ##.o#
#
##O##.#####
#.@......(.
#.####.#####
... # ##. #.
# #
####.####


You could see an ogre, an orc wizard and an orc.

Vanquished Creatures
  4 adders
  A worm (D:2)
  An orc (D:3)
  A ball python (D:2)
  A giant cockroach (D:1)
  2 goblins (D:2)
  5 hobgoblins
  A quokka (D:2)
  4 bats (D:1)
  2 frilled lizards (D:2)
  8 kobolds
30 creatures vanquished.

Notes
Turn   | Place    | Note
-------+----------+-------------------------------------------
     0 | D:1      | technought the Merfolk Gladiator began the quest for the
                  | Orb.
     0 | D:1      | Reached XP level 1. HP: 16/16 MP: 1/1
   816 | D:1      | Reached XP level 2. HP: 21/22 MP: 2/2
  1055 | D:2      | Reached skill level 5 in Polearms
  1055 | D:2      | Reached XP level 3. HP: 17/27 MP: 3/3
  1506 | D:2      | Reached skill level 5 in Dodging
  1946 | D:3      | Found a blossoming altar of Fedhas.
  1946 | D:3      | Found a snail-covered altar of Cheibriados.
  1953 | D:3      | Found an ornate altar of the Wu Jian Council.
  1959 | D:3      | Reached XP level 4. HP: 30/34 MP: 4/4
  1970 | D:3      | Found an ancient bone altar of Kikubaaqudgha.
  1972 | D:3      | Found a glowing silver altar of Zin.
  1975 | D:3      | Became a worshipper of Cheibriados the Contemplative
  2014 | D:3      | Noticed an ogre
  2048 | D:3      | HP: 1/34 [ogre/+0 giant club (21)]
  2049 | D:3      | Slain by an ogre

Skill      XL: |  1  2  3 |
---------------+----------+-----
Polearms       | 5 |  5.6
Dodging        | 5 |  5.1
Fighting       | |  2.4
Throwing       | |  2.1
Armour         | |  0.6
Stealth        | |  0.3

Action                   |  1- 3 |  4- 6 || total
-------------------------+-------+-------++-------
Melee: Trident           |    93 |    22 ||   115
  Use: Potion            |     3 |     2 ||     5
       Scroll            |     3 |     2 ||     5
 Stab: Sleeping          |     1 |       ||     1
  Eat: Chunk             |     2 |       ||     2
Armor: Leather armour    |    21 |     4 ||    25
Dodge: Dodged            |    74 |    29 ||   103
